 Dungeon Crawl Stone Soup version 0.29.1-2-gbd0b4ee654 (webtiles) character file.

Game seed: 13544652906586561342

35 zeram the Shooter (level 3, -2/18 HPs)
             Began as a Spriggan Hunter on Nov 13, 2022.
             Slain by a gnoll
             ... wielding a +0 spear
              (4 damage)
             ... on level 2 of the Dungeon.
             The game lasted 00:01:34 (908 turns).

zeram the Shooter (Spriggan Hunter)                  Turns: 908, Time: 00:01:35

Health: -2/18      AC:  2    Str:  7    XL:     3   Next: 17%
Magic:  4/4        EV: 18    Int: 12    God:
Gold:   27         SH:  0    Dex: 18    Spells: 2/2 levels left

rFire   . . .      SeeInvis +   a - +0 shortbow
rCold   . . .      Faith    .   (shield currently unavailable)
rNeg    . . .      Spirit   .   c - +0 robe
rPois   .          Reflect  .   (helmet restricted)
rElec   .          Harm     .   (no cloak)
rCorr   .          Rampage  .   (gloves unavailable)
Will    .....                   (boots unavailable)
Stlth   ++........              (no amulet)
HPRegen 0.06/turn               (no ring)
MPRegen 0.09/turn               (no ring)

@: very quick
A: very small, no large weapons, unfitting armour, see invisible, speed 3
a: no special abilities


You were on level 2 of the Dungeon.
You visited 1 branch of the dungeon, and saw 2 of its levels.

You collected 27 gold pieces.

Inventory:

Hand Weapons
 a - a +0 shortbow (weapon)
 g - a +2 dagger of freezing
Missiles
 h - 19 stones
Armour
 c - a +0 robe (worn)
Scrolls
 b - a scroll of immolation
 d - 4 scrolls of identify {unknown}
 f - a scroll of summoning {unknown}
 i - a scroll of vulnerability {unknown}
Potions
 e - 3 potions of curing {unknown}
 j - 2 potions of flight {unknown}


   Skills:
 - Level 1.5 Fighting
 + Level 4.9 Ranged Weapons
 + Level 3.1 Dodging
 - Level 1.5 Stealth


You had 2 spell levels left.
You didn't know any spells.
Your spell library was empty.

Dungeon Overview and Level Annotations

Branches:
Dungeon (2/15)

Altars:


Innate Abilities, Weirdness & Mutations

You are very small and have problems with some larger weapons.
You are too small for most types of armour.
You have supernaturally acute eyesight. (SInv)
You cover ground extremely quickly. (Speed+++)


Message History

There are monsters nearby!
There are monsters nearby!
There are monsters nearby!
You shoot an arrow. The arrow closely misses the quokka.
A kobold comes into view. It is wielding a +0 short sword.
You shoot an arrow. The arrow hits the kobold.
The kobold is severely wounded.
You shoot an arrow.
The arrow hits the kobold but does no damage.
The kobold is severely wounded.
The kobold misses you.
You shoot an arrow. The arrow barely misses the kobold.
The kobold hits you with a +0 short sword.
The quokka closely misses you.
You shoot an arrow. The arrow closely misses the kobold.
The kobold misses you. The quokka closely misses you.
The kobold hits you with a +0 short sword.
You shoot an arrow. The arrow hits the kobold!
You kill the kobold!
The quokka barely misses you. The gnoll hits you with a +0 flail.
A gnoll comes into view. It is wielding a +0 whip.
You are too injured to fight recklessly!
You are too injured to fight recklessly!
You are too injured to fight recklessly!
You are too injured to fight recklessly!
You are too injured to fight recklessly!
You are too injured to fight recklessly!
Unknown command.
The quokka barely misses you. The gnoll barely misses you.
The quokka misses you.
The gnoll shouts!
The quokka closely misses you. The gnoll barely misses you.
The gnoll hits you from afar with a +0 spear.
The quokka misses you. The gnoll completely misses you. The gnoll misses you.
The quokka bites you.
* * * LOW HITPOINT WARNING * * *
The gnoll hits you with a +0 flail.
* * * LOW HITPOINT WARNING * * *
The gnoll hits you from afar with a +0 spear.
You die...

# ## ## .# ..
#. .#
###.#.###.#
...g.g....#
.≈≈≈≈≈.g..#
##@r.#
#####.##......
#.##.## .....
#...## ....
#.### ...
..######.# ..
.........#
.###
..######†# ≈..
#.##### ≈.#


You could see 3 gnolls and a quokka.

Vanquished Creatures
  An adder (D:2)
  2 dart slugs (D:1)
  3 bats
  2 endoplasms (D:1)
  A hobgoblin (D:1)
  A quokka (D:1)
  A ball python (D:1)
  A frilled lizard (D:1)
  2 goblins (D:1)
  3 kobolds
  6 rats (D:1)
23 creatures vanquished.

Notes
Turn   | Place    | Note
-------+----------+-------------------------------------------
     0 | D:1      | zeram the Spriggan Hunter began the quest for the Orb.
     0 | D:1      | Reached XP level 1. HP: 10/10 MP: 2/2
   125 | D:1      | Reached XP level 2. HP: 14/14 MP: 3/3
   387 | D:1      | Found a faded altar of an unknown god.
   856 | D:2      | Reached XP level 3. HP: 16/18 MP: 4/4
   908 | D:2      | Slain by a gnoll

Illustrated notes

Levels and vault maps discovered:
D:1:      eino_arrival_cavern_e, layout_loops_cross,
          dilly_ecumenical_altar_fadedgnrine, st_stairs_9
D:2:      layout_basic, grunt_decor_junction

Skill      XL: |  1  2 |
---------------+-------+-----
Dodging        | 3 |  3.1
Fighting       | |  1.5
Ranged Weapons | |  4.9
Stealth        | |  1.5

Action                   || total
-------------------------++-------
 Fire: Shortbow          ||    56
Armor: Robe              ||     2
Dodge: Dodged            ||    21
